 Dungeon Crawl Stone Soup version 0.32-a0-975-g85d4e5bfdb (webtiles) character file.

Game seed: 1800335830463813868

1914 Gadrel the Covert (level 8, -1/42 HPs)
             Began as a Vampire Hunter on Apr 18, 2024.
             Was a Follower of Hepliaklqana.
             Slain by a gnoll
             ... wielding a +2 whip of electrocution
              (15 damage)
             ... on level 7 of the Dungeon.
             The game lasted 00:17:11 (7149 turns).

Gadrel the Covert (Vampire Hunter)                  Turns: 7149, Time: 00:17:11

Health: -1/42      AC: 10    Str: 10    XL:     8   Next: 95%
Magic:  8/8        EV: 12    Int: 12    God:    Hepliaklqana [*.....]
Gold:   549        SH:  0    Dex: 19    Spells: 7/7 levels left

rFire   . . .        b - +0 dagger (venom)
rCold   + + +        (no shield)
rNeg    + + +        c - +0 leather armour
rPois   ∞            y - +0 helmet
rElec   .            d - +2 cloak of Kiezy {rC+}
rCorr   .            g - +1 pair of gloves
SInv    +            z - +0 pair of boots
Will    .....        (no amulet)
Stlth   ++++++       (no ring)
HPRegen 0.00/turn    (no ring)
MPRegen 0.11/turn

%: no passive effects
@: bloodless, inhibited regen
A: reduced essence, bloodless, fangs 3, see invisible, vampiric 2
a: Bat Form, Revivify, Renounce Religion, Recall Ancestor, Ancestor Identity


You were on level 7 of the Dungeon.
You worshipped Hepliaklqana.
Hepliaklqana was aware of your devotion.
You visited 2 branches of the dungeon, and saw 8 of its levels.

You collected 549 gold pieces.

Inventory:

Hand Weapons
 a - a +0 shortbow
 b - a +0 dagger of venom (weapon)
   (You took it off an orc on level 4 of the Dungeon)
 e - a +3 hand axe
   (You found it on level 1 of the Dungeon)
 m - a +0 heavy long sword
   (You found it on level 5 of the Dungeon)
 u - a +0 long sword
   (You found it on level 3 of the Dungeon)
Missiles
 i - a throwing net {!d}
 l - 9 javelins
 q - 22 poisoned darts
 s - 38 stones
 B - 6 datura-tipped darts
Armour
 c - a +0 leather armour (worn)
 d - the +2 cloak of Kiezy (worn) {rC+}
   (You acquired it on level 4 of the Dungeon)

   rC+:       It protects you from cold.
 g - a +1 pair of gloves (worn)
   (You found it on level 1 of the Dungeon)
 y - a +0 helmet (worn)
   (You found it on level 4 of the Dungeon)
 z - a +0 pair of boots (worn)
   (You found it on level 4 of the Dungeon)
Jewellery
 F - a ring of protection from fire {rF+, !d}
   (You took it off an orc on level 5 of the Dungeon)
Wands
 r - a wand of roots (4)
   (You found it on level 3 of the Dungeon)
Scrolls
 f - a scroll of butterflies
 n - a scroll of enchant weapon
 v - a scroll of enchant armour {unknown}
 A - a scroll of vulnerability {unknown}
 C - a scroll of poison {unknown}
 D - a scroll of blinking {!r}
 E - 2 scrolls of fear
 O - a scroll of silence
 Y - 3 scrolls of teleportation {@r3}
Potions
 h - 4 potions of heal wounds {unknown}
 j - a potion of mutation {unknown}
 o - a potion of degeneration {unknown}
 p - a potion of might {unknown}
 t - 4 potions of curing {unknown}
 w - a potion of invisibility {unknown}


   Skills:
 - Level 4.0 Fighting
 - Level 8.0 Ranged Weapons
 - Level 3.1 Dodging
 + Level 9.8 Stealth
 - Level 1.0 Evocations


You had 7 spell levels left.
You didn't know any spells.
Your spell library contained the following spells:

 Spells                   Type           Power      Damage    Failure   Level
 Shock                    Conj/Air       0%         1d3       41%         1
 Swiftness                Air            0%         N/A       80%         3
 Airstrike                Air            0%         2d(0-16)  99%         4


Dungeon Overview and Level Annotations

Branches:
Dungeon (7/15)             Temple (1/1) D:5

Altars:
Ashenzari
Cheibriados
Dithmenos
Fedhas
Gozag
Hepliaklqana
Kikubaaqudgha
Makhleb
Okawaru
Qazlal
Ru
Sif Muna
Trog
Uskayaw
Vehumet
Xom
Yredelemnul

Shops:
D:4 :

Annotations:
D:4 1 runed translucent door, exclusion: hobgoblin, Crazy Yiuf, Edmund, Eustachio
D:5 exclusions: 2 killer bees and 3 more exclusions


Innate Abilities, Weirdness & Mutations

Your life essence is reduced to manifest your ancestor. (-10% HP)
You do not regenerate when monsters are visible.
You are frail without blood (-20% HP).
You can heal yourself when you bite living creatures.
You are immune to poison.
You have razor-sharp teeth.
You have supernaturally acute eyesight. (SInv)
You are afflicted with vampirism and can become a bat while bloodless.


Message History

You shoot an arrow.
The arrow closely misses the gnoll bouda.
The gnoll is no longer moving quickly.
The gnoll closely misses you.
The gnoll bouda gazes fiercely through you!
You feel your attacks grow feeble.
The gnoll bouda hits you with a +0 whip!
The gnoll hits you with a +2 flail of protection!
You take 18 damage, and have 17/42 hp.
MASSIVE DAMAGE!!
The gnoll bouda barely misses you.
Unknown command.
The gnoll bouda calls upon its god to heal the gnoll.
The gnoll's wounds heal themselves!
The gnoll attacks as it pursues you! The gnoll closely misses you.
Okay, then.
There is a stone staircase leading down here.
Press: ? - help, Shift-Dir - straight line, f/p - gnoll bouda
Aim: a gnoll bouda, wielding a +0 whip and wearing a +0 leather armour (heavily wounded)
The roots erupt in riotous growth!
Roots grab the gnoll bouda.
Roots grab the gnoll.
The grasping roots constrict the gnoll bouda!
The grasping roots constrict the gnoll!
You hear a shout! x2
The gnoll bouda utters an invocation to its god.
The gnoll bouda is healed somewhat.
The grasping roots constrict the gnoll bouda, but do no damage.
The grasping roots constrict the gnoll.
The gnoll bouda barks out a call to the hunt!
The gnoll picks up the pace!
You are too injured to fight recklessly!
You are too injured to fight recklessly!
Fire: a) +0 shortbow
Press: ? - help, Q - select action, (/) - cycle Shift-Dir - straight line, f/p - gnoll bouda
Aim: a gnoll bouda, wielding a +0 whip and wearing a +0 leather armour (severely wounded, constricted by roots, 98% to hit)
You shoot an arrow.
The arrow hits the gnoll bouda but does no damage.
Your attacks no longer feel as feeble.
The grasping roots constrict the gnoll bouda!
You kill the gnoll bouda!
The grasping roots constrict the gnoll.
You kill the gnoll!
Fire: a) +0 shortbow
Press: ? - help, Q - select action, (/) - cycle Shift-Dir - straight line, f - gnoll
Aim: a gnoll, wielding a +0 halberd (70% to hit)
You shoot an arrow. The arrow hits the gnoll.
Fire: a) +0 shortbow
Press: ? - help, Q - select action, (/) - cycle Shift-Dir - straight line, f/p - gnoll
Aim: a gnoll, wielding a +0 halberd (heavily wounded, 70% to hit)
You shoot an arrow. The arrow hits the gnoll.
The gnoll closely misses you.
MP restored: 8 Fire: a) +0 shortbow
Press: ? - help, Q - select action, (/) - cycle Shift-Dir - straight line, f/p - gnoll
Aim: a gnoll, wielding a +0 halberd (severely wounded, 70% to hit)
You shoot an arrow. The arrow hits the gnoll.
The gnoll misses you.
Fire: a) +0 shortbow
Press: ? - help, Q - select action, (/) - cycle Shift-Dir - straight line, f/p - gnoll
Aim: a gnoll, wielding a +0 halberd (almost dead, 70% to hit)
You shoot an arrow.
The arrow hits the gnoll but does no damage.
The gnoll hits you from afar with a +0 halberd.
You take 1 damage, and have 16/42 hp.
Fire: a) +0 shortbow
Press: ? - help, Q - select action, (/) - cycle Shift-Dir - straight line, f/p - gnoll
Aim: a gnoll, wielding a +0 halberd (almost dead, 70% to hit)
You shoot an arrow. The arrow hits the gnoll.
You kill the gnoll!
Okay, then.
A gnoll comes into view.
It is wielding a +2 whip of electrocution.
You regained 4 hp, and now have 20/42 hp.
Fire: a) +0 shortbow
Press: ? - help, Q - select action, (/) - cycle Shift-Dir - straight line, f - gnoll
Aim: a gnoll, wielding a +2 whip of electrocution (wandering, hasn't noticed you, 70% to hit)
You shoot an arrow. The arrow hits the gnoll.
Fire: a) +0 shortbow
Press: ? - help, Q - select action, (/) - cycle Shift-Dir - straight line, f/p - gnoll
Aim: a gnoll, wielding a +2 whip of electrocution (lightly wounded, 70% to hit)
You shoot an arrow. The arrow hits the gnoll.
Fire: a) +0 shortbow
Press: ? - help, Q - select action, (/) - cycle Shift-Dir - straight line, f/p - gnoll
Aim: a gnoll, wielding a +2 whip of electrocution (heavily wounded, 70% to hit)
You shoot an arrow. The arrow closely misses the gnoll.
Fire: a) +0 shortbow
Press: ? - help, Q - select action, (/) - cycle Shift-Dir - straight line, f/p - gnoll
Aim: a gnoll, wielding a +2 whip of electrocution (heavily wounded, 70% to hit)
You shoot an arrow.
The arrow hits the gnoll but does no damage.
Fire: a) +0 shortbow
Press: ? - help, Q - select action, (/) - cycle Shift-Dir - straight line, f/p - gnoll
Aim: a gnoll, wielding a +2 whip of electrocution (heavily wounded, 70% to hit)
You shoot an arrow. The arrow hits the gnoll.
Your +0 dagger of venom begins to drip with poison!
b - a +0 dagger of venom (weapon)
Telyusk emerges from the mists of memory!
You barely miss the gnoll.
The gnoll hits you with a +2 whip of electrocution.
You are electrocuted!
You die...
Hepliaklqana delivers you to your ancestors.

.##.##.##.#
##....######
.†..##.##.#
#.#.......######
.##.......#
#.#............#
.##.##.####
#)#.......####.###
.......#
#)#...............
########
#)........####.###
#)#.......####.#
#g#........<...#
#@#######.######
#R# ###.###
#####.### #.....#
#.......# #.....#
### #.###.#.#
#.....# #..
#.###.#.# #.....#
#.# #.##..#.#
#.....# #.#
#.##.##.#
##########..
#.......#
##...###.


You could see the friendly Telyusk the ancestor and a gnoll (ally target).

Vanquished Creatures
  A wyvern (D:7)
  2 black bears (D:5)
  An orc warrior (D:6)
  A kobold brigand (D:6)
  A gnoll sergeant (D:5)
  5 scorpions
  A howler monkey (D:6)
  2 bombardier beetles
  2 jellies
  2 hounds
  2 orc priests
  A gnoll bouda (D:7)
  A sleepcap (D:4)
  3 iguanas
  3 orc wizards
  11 gnolls
  10 adders
  3 dart slugs
  A ribbon worm (D:4)
  29 orcs
  7 ball pythons
  8 bats
  9 endoplasms
  2 giant cockroaches (D:4)
  7 hobgoblins
  10 jackals
  6 quokkas
  2 frilled lizards
  15 goblins
  11 kobolds
  6 rats
165 creatures vanquished.

Vanquished Creatures (collateral kills)
  An ice beast (D:6)
  A hound (D:6)
  A jelly (D:6)
  An orc priest (D:7)
  An orc wizard (D:7)
  A gnoll (D:7)
  2 orcs
8 creatures vanquished.

Vanquished Creatures (others)
  3 ancestors
3 creatures vanquished.

Grand Total: 176 creatures vanquished

Notes
Turn   | Place    | Note
-------+----------+-------------------------------------------
     0 | D:1      | Gadrel the Vampire Hunter began the quest for the Orb.
     0 | D:1      | Reached XP level 1. HP: 16/16 MP: 1/1
    27 | D:1      | You fall into a shaft and drop 1 floor!
    58 | D:2      | Reached skill level 2 in Stealth
    89 | D:1      | Reached skill level 2 in Fighting
   104 | D:1      | Reached XP level 2. HP: 13/22 MP: 2/2
   134 | D:1      | Reached skill level 3 in Stealth
   246 | D:1      | Gained mutation: You are afflicted with vampirism and can
                  | become a bat while bloodless. [Vampire growth]
   246 | D:1      | Reached XP level 3. HP: 27/27 MP: 3/3
   731 | D:1      | HP: 5/27 [frozen (5)]
   918 | D:2      | Reached skill level 4 in Stealth
  1347 | D:3      | Reached skill level 4 in Ranged Weapons
  1352 | D:3      | Reached XP level 4. HP: 33/33 MP: 4/4
  1378 | D:3      | Reached skill level 5 in Stealth
  1663 | D:3      | Reached skill level 6 in Stealth
  1770 | D:3      | Reached XP level 5. HP: 20/38 MP: 5/5
  1801 | D:3      | Reached skill level 1 in Evocations
  1949 | D:3      | HP: 8/38 [orc priest/divine providence (16)]
  1951 | D:3      | Reached skill level 3 in Dodging
  2187 | D:3      | Found a broken altar of Ashenzari.
  2429 | D:4      | Reached XP level 6. HP: 44/44 MP: 6/6
  2599 | D:4      | Noticed Edmund
  2697 | D:4      | Reached skill level 5 in Ranged Weapons
  2741 | D:4      | Gadrel: !ac 7
  2741 | D:4      | beem: 3.14 armour skill per 1 AC for 7 base AC
  2916 | D:4      | Found an ancient bone altar of Kikubaaqudgha.
  3014 | D:4      | Reached XP level 7. HP: 50/50 MP: 7/7
  3278 | D:4      | Found Igue's Tremendous Tomes.
  3351 | D:4      | Reached skill level 6 in Ranged Weapons
  3478 | D:4      | Noticed Eustachio
  3842 | D:4      | Found a runed translucent door.
  3843 | D:4      | Noticed Crazy Yiuf
  4074 | D:4      | Identified a scroll of acquirement
  4075 | D:4      | Acquired the +2 cloak of Kiezy {rC+}
  4194 | D:5      | Entered Level 5 of the Dungeon
  4424 | D:5      | Reached skill level 3 in Fighting
  4712 | D:5      | Found a staircase to the Ecumenical Temple.
  4721 | Temple   | Entered the Ecumenical Temple
  4731 | Temple   | Became a worshipper of Hepliaklqana the Forgotten
  4848 | D:5      | Reached skill level 7 in Ranged Weapons
  4892 | D:5      | Reached XP level 8. HP: 58/58 MP: 8/8
  4909 | D:5      | Found an iron altar of Okawaru.
  5375 | D:5      | Found a blossoming altar of Fedhas.
  5671 | D:6      | Reached skill level 8 in Ranged Weapons
  5769 | D:6      | Found an opulent altar of Gozag.
  5769 | D:6      | Reached * piety under Hepliaklqana
  6116 | D:6      | Reached skill level 7 in Stealth
  6535 | D:6      | Reached skill level 4 in Fighting
  6637 | D:7      | HP: 5/42 [wyvern (13)]
  6639 | D:7      | Reached skill level 8 in Stealth
  6794 | D:7      | Reached skill level 9 in Stealth
  6868 | D:7      | Found a burning altar of Makhleb.
  6884 | D:7      | Found a stormy altar of Qazlal.
  6884 | D:7      | Found a shimmering altar of Xom.
  6886 | D:7      | Found a radiant altar of Vehumet.
  6887 | D:7      | Found a sacrificial altar of Ru.
  7149 | D:7      | Slain by a gnoll

Illustrated notes

Levels and vault maps discovered:
D:1:      amcnicky_arrival_choice, layout_basic
D:2:      layout_basic, serial_bayou, serial_bayou_crossing,
          serial_bayou_pond_b, serial_bayou_pond_c, serial_bayou_lagoon_a,
          kennysheep_nondescript, serial_bayou_pond_d
D:3:      layout_loops_ring, pf_just_have_faith
D:4:      minmay_thinvault, layout_layer_cave, overflow_temple_1_default,
          nicolae_shop_i_like_big_books, grunt_decor_fettered, uniq_eustachio,
          uniq_crazy_yiuf_cottage, uniq_edmund
D:5:      layout_loops_ring, lemuel_round_altar, kennysheep_okawaru_gauntlet,
          minmay_temple_entry_enclosed_plants, roderic_roman_lattice
D:6:      layout_loops_corners, nicolae_gozag_cash_rules_everything_around_me
D:7:      layout_loops_cross, grunt_temple_overflow_open, serial_shops,
          nicolae_diamond_shop, shop
Temple:   hellmonk_temple_rainy

Skill      XL: |  1  2  3  4  5  6  7  8 |
---------------+-------------------------+-----
Stealth        | 2 3 4 6 9 |  9.8
Fighting       | 2 3 4 |  4.0
Ranged Weapons | 4 5 7 8 |  8.0
Evocations     | 1 |  1.0
Dodging        | 3 |  3.1

Action                     |  1- 3 |  4- 6 |  7- 9 || total
---------------------------+-------+-------+-------++-------
  Melee: Mace              |       |    16 |       ||    16
         Bite              |       |     4 |     8 ||    12
         Dagger            |       |       |    41 ||    41
   Fire: Shortbow          |   112 |   214 |   293 ||   619
 Invoke: Recall Ancestor   |       |       |     1 ||     1
Ability: Exsanguinate      |       |       |     1 ||     1
  Evoke: Wand              |       |       |     3 ||     3
    Use: Scroll            |       |       |     8 ||     8
 Armour: Leather armour    |    34 |    59 |   145 ||   238
  Dodge: Dodged            |    42 |    55 |   152 ||   249

Table legend: (Time is in decaauts)
 A = Elapsed time spent in this place.
 B = Non-inter-level travel time spent in this place.
 C = Inter-level travel time spent in this place.
 D = Time resting spent in this place.
 E = Time spent auto-exploring this place.
 F = Levels seen in this place.
 G = Mean time per level.
                   A        B        C        D        E       F      G
               +--------+--------+--------+--------+--------+-----+--------+
         Total |   7263 |   7023 |    240 |    139 |   5580 |   8 |  907.9 |
       Dungeon |   7242 |   7012 |    230 |    139 |   5580 |   7 | 1034.6 |
        Temple |     20 |     10 |     10 |      0 |      0 |   1 |   20.0 |
               +--------+--------+--------+--------+--------+-----+--------+

Top non-repeatable levels by time:
     D:4: 1821 daAuts
     D:6: 1229 daAuts
     D:5: 1183 daAuts
     D:3: 1037 daAuts
     D:1: 750 daAuts
     D:2: 692 daAuts
     D:7: 528 daAuts
  Temple: 20 daAuts

Levels and vault maps discovered:
D:1:      amcnicky_arrival_choice, layout_basic
D:2:      layout_basic, serial_bayou, serial_bayou_crossing,
          serial_bayou_pond_b, serial_bayou_pond_c, serial_bayou_lagoon_a,
          kennysheep_nondescript, serial_bayou_pond_d
D:3:      layout_loops_ring, pf_just_have_faith
D:4:      minmay_thinvault, layout_layer_cave, overflow_temple_1_default,
          nicolae_shop_i_like_big_books, grunt_decor_fettered, uniq_eustachio,
          uniq_crazy_yiuf_cottage, uniq_edmund
D:5:      layout_loops_ring, lemuel_round_altar, kennysheep_okawaru_gauntlet,
          minmay_temple_entry_enclosed_plants, roderic_roman_lattice
D:6:      layout_loops_corners, nicolae_gozag_cash_rules_everything_around_me
D:7:      layout_loops_cross, grunt_temple_overflow_open, serial_shops,
          nicolae_diamond_shop, shop
Temple:   hellmonk_temple_rainy

Table legend: (Time is in decaauts)
 A = Elapsed time spent in this place.
 B = Non-inter-level travel time spent in this place.
 C = Inter-level travel time spent in this place.
 D = Time resting spent in this place.
 E = Time spent auto-exploring this place.
 F = Levels seen in this place.
 G = Mean time per level.
                   A        B        C        D        E       F      G
               +--------+--------+--------+--------+--------+-----+--------+
         Total |   7263 |   7023 |    240 |    139 |   5580 |   8 |  907.9 |
       Dungeon |   7242 |   7012 |    230 |    139 |   5580 |   7 | 1034.6 |
        Temple |     20 |     10 |     10 |      0 |      0 |   1 |   20.0 |
               +--------+--------+--------+--------+--------+-----+--------+

Top non-repeatable levels by time:
     D:4: 1821 daAuts
     D:6: 1229 daAuts
     D:5: 1183 daAuts
     D:3: 1037 daAuts
     D:1: 750 daAuts
     D:2: 692 daAuts
     D:7: 528 daAuts
  Temple: 20 daAuts

Table legend:
 A = Kills in this place as a percentage of kills in the entire game.
 B = Kills by you in this place as a percentage of kills by you in the entire game.
 C = Kills by friends in this place as a percentage of kills by friends in the entire game.
 D = Other kills in this place as a percentage of other kills in the entire game.
 E = Experience gained in this place as a percentage of experience gained in the entire game.
 F = Experience gained in this place divided by the number of levels of this place that you have seen.
                   A       B       C       D       E      F
               +-------+-------+-------+-------+-------+----------------------
         Total | 100.0 | 100.0 | 100.0 |   N/A | 100.0 | 341.9
       Dungeon | 100.0 | 100.0 | 100.0 |   N/A | 100.0 | 390.7
               +-------+-------+-------+-------+-------+----------------------
